 Dungeon Crawl Stone Soup version 0.22-a0-231-g75390ab (webtiles) character file.

45 lux767 the Pious (level 3, 0/29 HPs)
             Began as a Human Priest on Mar 1, 2018.
             Was a Believer of Zin.
             Slain by an iguana (11 damage)
             ... on level 2 of the Dungeon.
             The game lasted 00:03:19 (1670 turns).

lux767 the Pious (Human Priest)                     Turns: 1670, Time: 00:03:19

Health: 0/29       AC:  3    Str: 13    XL:     3   Next: 90%
Magic:  6/6        EV: 11    Int: 12    God:    Zin [**....]
Gold:   72         SH:  0    Dex: 12    Spells: 2/2 levels left

rFire    . . .     SeeInvis .   a - +1 hand axe
rCold    . . .     Gourm    .   (no shield)
rNeg     . . .     Faith    .   j - +0 leather armour
rPois    .         Spirit   .   (no helmet)
rElec    .         Reflect  .   (no cloak)
rCorr    .         Harm     .   (no gloves)
MR       .....                  (no boots)
Stlth    ++........             (no amulet)
HPRegen  0.09/turn              i - ring of stealth
MPRegen  0.10/turn              (no ring)

@: no status effects
A: no striking features
a: Recite, Vitalisation, Donate Gold, Renounce Religion


You were on level 2 of the Dungeon.
You worshipped Zin.
Zin was pleased with you.
You were not hungry.

You visited 1 branch of the dungeon, and saw 2 of its levels.

You collected 79 gold pieces.
You donated 7 gold pieces to Zin.

Inventory:

Hand Weapons
 a - a +1 hand axe (weapon)
 g - a +0 mace
Missiles
 d - 59 stones (quivered)
Armour
 h - a +2 pair of gloves
 j - a +0 leather armour (worn)
 l - a +0 ring mail
Jewellery
 i - a ring of stealth (left hand)
 o - a cursed ring of teleportation {unknown}
Scrolls
 e - a scroll of enchant weapon
 f - a scroll of teleportation
 m - a scroll of identify
 n - a scroll of remove curse
Comestibles
 c - 6 rations


   Skills:
 * Level 3.4 Fighting
 + Level 3.5 Axes
 - Level 1.0 Dodging
 - Level 5.0 Invocations


You had 2 spell levels left.
You didn't know any spells.

Dungeon Overview and Level Annotations

Branches:
Dungeon (2/15)

Altars:


Message History

You hit the iguana.
The iguana is moderately wounded.
The iguana closely misses you.
You closely miss the iguana.
The iguana is moderately wounded.
The iguana bites you!
* * * LOW HITPOINT WARNING * * *
You hit the iguana but do no damage.
The iguana is moderately wounded.
The iguana barely misses you.
Okay, then.
You see here 4 gold pieces.
It was a potion of curing.
You feel better. The iguana misses you.
You hit the iguana but do no damage.
The iguana is moderately wounded.
The iguana bites you.
You hit the iguana.
The iguana is heavily wounded.
The iguana bites you!
You die...

.......................'.....>...
...#####..#.####.#######.).......
..........#)# #.# #######'###
...######...# #.# #.....).# #
.....#......# #.# #.####### #
.....#.###.#####.######.#########
.....'...............#...........
.....#.###.......###.############
.....#...+.....)@....... ...
.....#####......l..#.### ###
.....# ##..###...# .....# ##.#
#...# ###### #..##...# #
##.##...# # ..#.### # #.#.# #
....


You could see an iguana.

Vanquished Creatures
  An adder (D:2)
  A giant cockroach (D:1)
  3 goblins
  3 hobgoblins
  6 kobolds
  10 bats
  3 frilled lizards
  6 rats
33 creatures vanquished.

Notes
Turn   | Place    | Note
-------+----------+-------------------------------------------
     0 | D:1      | lux767 the Human Priest began the quest for the Orb.
     0 | D:1      | Reached XP level 1. HP: 16/16 MP: 4/4
   161 | D:1      | Reached ** piety under Zin
   220 | D:1      | Reached XP level 2. HP: 13/23 MP: 5/5
   781 | D:1      | Reached XP level 3. HP: 17/28 MP: 6/6
  1670 | D:2      | Slain by an iguana

Vault maps used:
D:1:      elethiomel_arrival_maze, feat_on_display
D:2:      uniq_natasha

Skill      XL: |  1  2  3 |
---------------+----------+-----
Fighting       | 3 |  3.4
Axes           | |  3.5
Dodging        | |  1.0
Invocations    | |  5.0

Action                   || total
-------------------------++-------
Melee: Hand axe          ||   109
  Use: Scroll            ||     4
       Potion            ||     1
 Stab: Sleeping          ||     2
  Eat: Chunk             ||     2
Armor: Robe              ||    28
       Leather armour    ||     7
Dodge: Dodged            ||    73

Table legend:
 A = Spawn XP
 B = Non-spawn XP
 C = Spawn XP percentage of total XP
 D = Spawn monster count
 E = Non-spawn monster count
 F = Spawn count percentage of total count
 G = Total turns spent on level
                    A         B        C        D         E        F      G
               +---------+---------+-------+---------+---------+-------+---------
         Total |       0 |      65 |   0.0 |       0 |      33 |   0.0 |  1670
               +---------+---------+-------+---------+---------+-------+---------
           D:1 |       0 |      34 |   0.0 |       0 |      21 |   0.0 |  1242
           D:2 |       0 |      31 |   0.0 |       0 |      12 |   0.0 |   428
               +---------+---------+-------+---------+---------+-------+---------
